 Dungeon Crawl Stone Soup version 0.18-a0-1109-gfc003ac (webtiles) character file.

240 4thArraOfDagon the Chopper (level 5, 0/45 HPs)
             Began as a Minotaur Conjurer on Jan 16, 2016.
             Killed by nerve-wracking pain
             ... invoked by Grinder
              (8 damage)
             ... on level 3 of the Dungeon.
             The game lasted 00:06:47 (1241 turns).

4thArraOfDagon the Chopper (Minotaur Conjurer)      Turns: 1241, Time: 00:06:47

Health: 0/45       AC: 10    Str: 12    XL:     5   Next: 80%
Magic:  6/6        EV:  1    Int: 13    God:
Gold:   45         SH:  0    Dex: 11    Spells: 1 memorised, 5 levels left

rFire  . . .     SeeInvis .     f - +0 hand axe
rCold  . . .     Gourm    .     k - +0 chain mail
rNeg   . . .     Faith    .     (no shield)
rPois  .         Spirit   .     (helmet restricted)
rElec  .         Dismiss  .     (no cloak)
rCorr  .         Reflect  .     l - +0 pair of gloves
SustAt .         Harm     .     (no boots)
MR     .....                    (no amulet)
Stlth  ..........               (no ring)
                                (no ring)

@: not resistant to hostile enchantments, extremely unstealthy
A: retaliatory headbutt, horns 2
a: no special abilities


You were on level 3 of the Dungeon.
You were hungry.

You visited 1 branch of the dungeon, and saw 4 of its levels.

You collected 45 gold pieces.

Inventory:

Hand Weapons
 e - a +1 dagger of draining
 f - a +0 hand axe (weapon)
Missiles
 j - 4 poisoned javelins (quivered)
Armour
 i - a +1 robe of magic resistance
 k - a +0 chain mail (worn)
 l - a +0 pair of gloves (worn)
Scrolls
 a - a scroll of amnesia {unknown}
 d - a scroll of teleportation {unknown}
 g - 2 scrolls of random uselessness {unknown}
 h - 3 scrolls of identify {unknown}
 m - a scroll of immolation {unknown}
Books
 b - a book of Conjurations

   Spells                             Type                      Level
   a - Magic Dart                     Conjuration                  1
   b - Searing Ray                    Conjuration                  2
   c - Dazzling Spray                 Conjuration/Hexes            3
   d - Fulminant Prism                Conjuration/Hexes            4
   e - Iskenderun's Mystic Blast      Conjuration                  4
   f - Iskenderun's Battlesphere      Conjuration/Charms           5
Comestibles
 c - a bread ration
 n - 3 chunks of flesh


   Skills:
 + Level 3.4 Fighting
 * Level 4.2 Axes
 + Level 3.6 Armour
 - Level 2.1 Dodging
 - Level 1.5 Stealth
 - Level 1.3 Spellcasting
 - Level 2.9 Conjurations


You had 5 spell levels left.
You knew the following spells:

 Your Spells              Type           Power        Failure   Level  Hunger
a - Magic Dart            Conj           #...         100%        1    ##.....


Dungeon Overview and Level Annotations

Branches:
Dungeon (4/15)
 Temple: D:4-7

Altars:
Okawaru

Annotations:
D:3 Grinder


Innate Abilities, Weirdness & Mutations

You reflexively headbutt those who attack you in melee.
You have a pair of horns on your head.


Message History

You aren't carrying any potions.
You hit Grinder but do no damage.
Grinder is heavily wounded.
Grinder gestures at you.
You suddenly lose the ability to move!
Grinder barely misses you. Grinder hits you but does no damage.
Grinder barely misses you.
Grinder gestures.
Grinder blinks!
Grinder gestures at you. Pain shoots through your body!
* * * LOW HITPOINT WARNING * * *
You can move again.
Unknown command.
Unknown command.
Unknown command.
Grinder gestures at you. Pain shoots through your body!
You die...

################## ###
#.5...............
##.###..##.###########.
#.#.#8.(8#(# #.
##.#..ยง(..(# #.
#.#..@...## #.
#.##8..8## #. #.###..##
#. #.# #### #. #.# ##.
#.# #.. #.# #.. #.# #..
#.# # ##.


You could see Grinder.

Vanquished Creatures
  An orc priest (D:3)
  An orc wizard (D:3)
  An iguana (D:4)
  A worker ant (D:3)
  3 gnolls (D:3)
  A river rat (D:3)
  6 adders (D:3)
  4 giant geckos (D:3)
  4 orcs (D:3)
  2 giant cockroaches (D:3)
  3 goblins (D:3)
  A hobgoblin (D:3)
  4 jackals (D:3)
  A quokka (D:3)
  3 giant newts
  2 kobolds (D:3)
  4 rats (D:3)
42 creatures vanquished.

Notes
Turn   | Place    | Note
--------------------------------------------------------------
     0 | D:1      | 4thArraOfDagon the Minotaur Conjurer began the quest for the Orb.
     0 | D:1      | Reached XP level 1. HP: 14/14 MP: 1/1
   130 | D:3      | Reached skill level 1 in Armour
   160 | D:3      | Reached skill level 1 in Fighting
   162 | D:3      | Reached XP level 2. HP: 11/23 MP: 3/3
   202 | D:3      | Reached XP level 3. HP: 4/29 MP: 4/4
   209 | D:3      | Found an iron altar of Okawaru.
   346 | D:3      | Reached skill level 1 in Axes
   408 | D:3      | Reached XP level 4. HP: 17/37 MP: 2/5
   446 | D:3      | Reached skill level 3 in Armour
   528 | D:3      | Reached XP level 5. HP: 31/45 MP: 6/6
   715 | D:3      | Found a glowing drain.
   805 | D:4      | Noticed Grinder
   808 | D:4      | great ddesign
   982 | D:4      | Paralysed by Grinder for 6 turns
  1037 | D:3      | Reached skill level 4 in Axes
  1173 | D:4      | Paralysed by Grinder for 6 turns
  1188 | D:4      | Paralysed by Grinder for 2 turns
  1226 | D:3      | Paralysed by Grinder for 4 turns
  1235 | D:3      | Paralysed by Grinder for 6 turns
  1241 | D:3      | Killed from afar by Grinder

Vault maps used:
D:1:      minmay_arrival_up_and_down, nicolae_ashenzari_panopticon
D:2:      uniq_terence
D:3:      okawaru_ov_weapons_minmay, gup_sewer_entry_bubbles, st_stairs_6,
          kennysheep_potato
D:4:      bloody_makhleb, uniq_menkaure, uniq_grinder, uniq_robin

Action                   |  1- 3 |  4- 6 || total
-------------------------+-------+-------++-------
Melee: Dagger            |    41 |    69 ||   110
       Unarmed           |     3 |       ||     3
       Hand axe          |       |     6 ||     6
Throw: Javelin           |       |    17 ||    17
 Cast: Magic Dart        |     3 |     1 ||     4
  Use: Potion            |     2 |     2 ||     4
 Stab: Sleeping          |     2 |       ||     2
       Invisible         |     1 |       ||     1
  Eat: Chunk             |       |     1 ||     1
